 Dungeon Crawl Stone Soup version 0.29.0-11-gd7f09526c8 (webtiles) character file.

Game seed: 173654953971714516

10304 ragingrage the Arsonist (level 11, -10/78 HPs)
             Began as an Octopode Cinder Acolyte on Sept 7, 2022.
             Was an Elder of Ignis.
             Mangled by a skeletal warrior
             ... wielding a +0 long sword
              (18 damage)
             ... on level 11 of the Dungeon.
             The game lasted 00:26:43 (15834 turns).

ragingrage the Arsonist (Octopode Cinder Acolyte)  Turns: 15834, Time: 00:26:43

Health: -10/78     AC:  1    Str: 20    XL:     11   Next: 60%
Magic:  10/18      EV: 14    Int: 20    God:    Ignis [****..]
Gold:   735        SH:  0    Dex:  8    Spells: 7/20 levels left

rFire   + + +      SeeInvis .   a - staff of fire
rCold   x . .      Faith    .   (no shield)
rNeg    . . .      Spirit   .   c - +0 hat
rPois   .          Reflect  .   A - amulet of magic regeneration
rElec   .          Harm     .   f - +6 ring of strength
rCorr   .          Rampage  .   g - ring of willpower
Will    +....                   J - ring of fire
Stlth   ++........              (no ring)
HPRegen 0.23/turn               (no ring)
MPRegen 0.56/turn               (no ring)
                                (no ring)
                                (no ring)

@: no status effects
A: almost no armour, amphibious, 8 rings, camouflage 1, gelatinous body 1,
(nimble swimmer 1), tentacles
a: Renounce Religion, Fiery Armour, Foxfire Swarm, Rising Flame


You were on level 11 of the Dungeon.
You worshipped Ignis.
Ignis was greatly pleased with you.
You visited 2 branches of the dungeon, and saw 12 of its levels.

You collected 735 gold pieces.

Inventory:

Hand Weapons
 b - a +3 spear of draining
Missiles
 k - 2 javelins
 t - 6 silver javelins
 y - 24 poisoned darts
Armour
 c - a +0 hat (worn)
Magical Staves
 a - a staff of fire (weapon)
Jewellery
 f - a +6 ring of strength (left tentacle)
 g - a ring of willpower (right tentacle)
 A - an amulet of magic regeneration (around mantle)
 J - a ring of fire (on tentacle)
Wands
 v - a wand of flame (26)
 w - a wand of acid (14)
 H - a wand of paralysis (7)
 I - a wand of polymorph (4)
 K - a wand of mindburst (10)
Scrolls
 h - 5 scrolls of teleportation
 j - 4 scrolls of magic mapping
 l - a scroll of fear
 o - a scroll of brand weapon
 q - 2 scrolls of immolation
 r - 2 scrolls of identify {@*r}
 u - 3 scrolls of enchant armour
 z - a scroll of blinking {unknown}
 E - 3 scrolls of enchant weapon
 L - a scroll of fog {unknown}
 M - a scroll of poison
Potions
 d - a potion of heal wounds
 e - 2 potions of might
 i - 7 potions of curing
 m - 2 potions of degeneration
 n - a potion of resistance {unknown}
 p - 3 potions of haste
 s - a potion of flight {unknown}
 x - a potion of invisibility {unknown}
 B - 4 potions of mutation
 C - 2 potions of magic
 F - a potion of cancellation {unknown}
 G - a potion of attraction {unknown}


   Skills:
 + Level 8.4 Fighting
 - Level 3.0 Polearms
 + Level 7.6 Dodging
 - Level 5.0 Spellcasting
 - Level 3.3 Conjurations
 - Level 9.0 Summonings
 - Level 9.6 Fire Magic


You had 7 spell levels left.
You knew the following spells:

 Your Spells              Type           Power      Damage    Failure   Level
a - Scorch                Fire           100%       2d10      1%          2
b - Sticky Flame          Conj/Fire      63%        2d8       8%          4
c - Call Canine Familiar  Summ           41%        N/A       1%          3
d - Summon Small Mammal   Summ           100%       N/A       1%          1
e - Summon Guardian Gole  Hex/Summ       23%        N/A       5%          3

Your spell library contained the following spells:

 Spells                   Type           Power      Damage    Failure   Level
 Static Discharge         Conj/Air       11%        3-5/arc   9%          2
 Apportation              Tloc           10%        N/A       12%         1
 Beastly Appendage        Tmut           10%        N/A       12%         1
 Necrotise                Necr           20%        1d5       12%         1
 Poisonous Vapours        Pois/Air       10%        N/A       17%         2
 Wereblood                Tmut           5%         N/A       17%         2
 Spider Form              Tmut/Pois      5%         N/A       34%         3
 Hailstorm                Conj/Ice       11%        3d5       50%         4
 Corpse Rot               Necr/Pois/Air  5%         N/A       75%         4
 Dispel Undead            Necr           5%         3d7       75%         4
 Ice Form                 Ice/Tmut       5%         N/A       75%         4
 Leda's Liquefaction      Hex/Erth       2%         N/A       75%         4
 Alistair's Intoxication  Tmut/Pois      3%         N/A       97%         5
 Lee's Rapid Deconstruct  Erth           2%         3d6*      97%         5
 Simulacrum               Ice/Necr       2%         N/A       100%        6
 Statue Form              Tmut/Erth      3%         N/A       100%        6


Dungeon Overview and Level Annotations

Branches:
Dungeon (11/15)            Temple (1/1) D:7            Lair (0/5) D:8
    Orc (0/2) D:10

Altars:
Ashenzari
Dithmenos
Elyvilon
Fedhas
Makhleb
Nemelex Xobeh
Qazlal
Ru
Sif Muna
Trog
Uskayaw
Vehumet
Wu Jian
Xom
The Shining One

Annotations:
D:3 exclusion: downstairs
D:9 1 runed translucent door, Pooter's ghost, journeyman GnWn


Innate Abilities, Weirdness & Mutations

You cannot wear most types of armour.
You are amphibious.
You can wear up to eight rings at the same time.
Your skin changes colour to match your surroundings (Stealth+).
Your rubbery body absorbs attacks. (AC +1, EV +1)
((You are camouflaged when in or above water. (Stealth+)))
You have tentacles for arms and can constrict up to eight enemies at once.


Message History

Aiming: Sticky Flame (dangerous; 8% risk of failure)
Press: ? - help, Shift-Dir - straight line, f - orc warrior
Aim: an orc warrior, wielding a +0 broad axe and wearing a +0 chain mail (ally target, 100% to hit)
You feel a strong surge of power!
The sticky flame hits the orc warrior.
The orc warrior is lightly wounded.
The orc warrior is covered in liquid flames!
The orc warrior burns!
The orc warrior barely misses you. The orc warrior misses your hound.
Your hound bites the orc warrior.
The orc warrior burns!
Your hound bites the orc warrior.
The orc warrior drinks a potion.
The orc warrior is healed!
Your hound barely misses the orc warrior.
The orc warrior burns!
The orc warrior hits you with a +0 broad axe.
The orc warrior hits your hound with a +0 broad axe!
Your hound bites the orc warrior.
The orc shouts!
The orc warrior burns!
Your hound barely misses the orc warrior.
The orc warrior attacks as you move away!
The orc warrior hits you with a +0 broad axe!
The orc warrior hits your hound with a +0 broad axe!
Your hound dies!
Your hound's corpse disappears in a puff of smoke!
The orc warrior burns!
The orc warrior stops burning.
The orc warrior attacks as you move away!
The orc warrior barely misses you.
Casting: Sticky Flame (dangerous; 8% risk of failure)
Confirm with . or Enter, or press ? or * to list all spells.
A guardian golem appears, shielding your allies.
The orc warrior closely misses you.
Casting: Summon Guardian Golem (dangerous; 5% risk of failure)
Confirm with . or Enter, or press ? or * to list all spells.
The orc warrior hits you with a +0 broad axe!!
* * * LOW HITPOINT WARNING * * *
The orc warrior attacks as you move away!
The orc warrior hits you with a +0 broad axe!
* * * LOW HITPOINT WARNING * * *
The skeletal warrior attacks as you move away!
The skeletal warrior hits you with a +0 long sword!!
You die...

###.......#.....#.....##...
#.......)##..._.#).........
##.........#.....#..........
#..........#.....#..........
###..###.).#.oo..#.....##...
#...#..........#....###...
##......o#.....#รท#.## ##..
##......o#######)#### ##.
#.......z@.[.)))(<..# #.
###.....9h.)).####.## ###
#.........[[.[...# #..
###.......#......# ####.
#.#....###..#### #....
#####.###..[######.... ###
#.....<.##...)
###.....##[... ####..))....


You could see a skeletal warrior (ally target), an orc warrior (ally target), an
orc, a friendly guardian golem (summoned) and a friendly wolf (summoned,
sheltered).

Vanquished Creatures
  A skeletal warrior (D:11)
  An unseen horror (D:11)
  4 yaks
  2 steam dragons (D:9)
  2 wargs (D:8)
  2 water moccasins (D:8)
  3 ice beasts
  7 orc warriors
  A sky beast (D:6)
  3 ogres
  2 centaurs
  2 phantoms (D:5)
  A gnoll sergeant (D:8)
  A necrophage (D:5)
  3 bullfrogs
  6 scorpions
  4 wights (D:7)
  12 killer bees
  A howler monkey (D:11)
  7 hounds
  2 jellies
  10 orc priests
  14 orc wizards
  6 iguanas
  3 gnolls
  10 adders
  2 shadow imps (D:7)
  2 white imps
  2 ufetubi (D:5)
  4 worms
  A dart slug (D:2)
  53 orcs
  A bat (D:2)
  7 endoplasms
  2 giant cockroaches
  6 goblins
  5 hobgoblins
  6 jackals
  2 quokkas (D:4)
  7 ball pythons
  4 frilled lizards
  9 kobolds
  3 rats (D:2)
226 creatures vanquished.

Vanquished Creatures (collateral kills)
  A steam dragon (D:9)
  An ogre (D:11)
  A killer bee (D:10)
  An orc (D:10)
4 creatures vanquished.

Vanquished Creatures (others)
  A skeletal warrior (D:11)
  A cyclops (D:11)
  A shadow (D:9)
  12 yaks
  An acid dragon (D:11)
  3 orc warriors (D:11)
  An ogre (D:11)
  2 killer bees (D:8)
  4 wights (D:9)
  An orc wizard (D:11)
  An orc (D:11)
  27 foxfires
  6 plants
61 creatures vanquished.

Grand Total: 291 creatures vanquished

Notes
Turn   | Place    | Note
-------+----------+-------------------------------------------
     0 | D:1      | ragingrage the Octopode Cinder Acolyte began the quest for
                  | the Orb.
     0 | D:1      | Reached XP level 1. HP: 16/16 MP: 2/2
   503 | D:1      | Found a faded altar of an unknown god.
  1054 | D:2      | Reached XP level 2. HP: 21/21 MP: 4/4
  1057 | D:2      | Learned a level 2 spell: Scorch
  1106 | D:2      | Reached XP level 3. HP: 18/26 MP: 0/5
  2496 | D:3      | Reached XP level 4. HP: 30/31 MP: 0/7
  2568 | D:3      | Learned a level 4 spell: Sticky Flame
  2787 | D:3      | Noticed a scorpion
  3032 | D:3      | Killed a scorpion
  3033 | D:3      | Reached XP level 5. HP: 36/36 MP: 0/9
  3560 | D:4      | Found a broken altar of Ashenzari.
  3567 | D:4      | Reached skill level 5 in Fire Magic
  3634 | D:4      | Found a sacrificial altar of Ru.
  3726 | D:4      | Reached XP level 6. HP: 23/42 MP: 2/11
  4612 | D:4      | Found a hide-covered altar of Uskayaw.
  4696 | D:5      | Entered Level 5 of the Dungeon
  4702 | D:5      | Reached XP level 7. HP: 46/46 MP: 10/13
  4828 | D:5      | Found a stormy altar of Qazlal.
  4832 | D:5      | Noticed a water elemental
  4832 | D:5      | Noticed a fire elemental
  4832 | D:5      | Noticed an air elemental
  5201 | D:5      | Reached skill level 5 in Spellcasting
  5500 | D:5      | Identified the +3 leather armour of Distant Shores {Will-
                  | Str-4 Int+6 Dex+4}
  5770 | D:5      | Reached XP level 8. HP: 52/52 MP: 8/15
  6091 | D:6      | Found a bloodstained altar of Trog.
  6261 | D:6      | Found a glowing golden altar of the Shining One.
  6443 | D:6      | Reached skill level 1 in Dodging
  6482 | D:6      | Found a shimmering altar of Xom.
  6485 | D:6      | Reached skill level 1 in Conjurations
  7050 | D:6      | Found a blossoming altar of Fedhas.
  7223 | D:6      | Reached XP level 9. HP: 54/58 MP: 11/16
  8647 | D:7      | Found a staircase to the Ecumenical Temple.
  8673 | Temple   | Entered the Ecumenical Temple
  8967 | D:7      | Found a burning altar of Makhleb.
  9001 | D:7      | Learned a level 3 spell: Call Canine Familiar
  9003 | D:7      | Learned a level 1 spell: Summon Small Mammal
  9237 | D:8      | Learned a level 3 spell: Summon Guardian Golem
  9402 | D:8      | Reached skill level 5 in Fighting
  9402 | D:8      | Reached skill level 1 in Summonings
  9998 | D:8      | Found a staircase to the Lair.
 10098 | D:8      | Reached XP level 10. HP: 68/68 MP: 9/17
 10225 | D:8      | HP: 3/68 [poisoned by a killer bee]
 10227 | D:8      | HP: 1/68 [poisoned by a killer bee]
 10739 | D:9      | Reached skill level 5 in Dodging
 11058 | D:8      | Found a shimmering blue altar of Sif Muna.
 11099 | D:9      | Found a runed translucent door.
 11103 | D:9      | Reached skill level 5 in Summonings
 11126 | D:9      | Noticed Pooter's ghost (journeyman GnWn)
 12344 | D:10     | Entered Level 10 of the Dungeon
 12612 | D:10     | Found a shadowy altar of Dithmenos.
 12746 | D:10     | Found a white marble altar of Elyvilon.
 12765 | D:10     | Found a sparkling altar of Nemelex Xobeh.
 13182 | D:10     | Reached XP level 11. HP: 75/75 MP: 18/18
 13305 | D:10     | Found a staircase to the Orcish Mines.
 13500 | D:10     | Identified a scroll of acquirement
 13500 | D:10     | Acquired a staff of fire
 13627 | D:10     | Found an ornate altar of the Wu Jian Council.
 13666 | D:11     | Noticed a cyclops
 15270 | D:11     | Killed a cyclops
 15511 | D:11     | Noticed a skeletal warrior
 15511 | D:11     | Noticed a skeletal warrior
 15546 | D:11     | Killed a skeletal warrior
 15600 | D:11     | Noticed a skeletal warrior
 15636 | D:11     | Killed a skeletal warrior
 15681 | D:11     | Noticed a red ugly thing
 15810 | D:11     | Noticed a skeletal warrior
 15834 | D:11     | Mangled by a skeletal warrior

Illustrated notes

Levels and vault maps discovered:
D:1:      saegor_arrival_fortress, layout_basic,
          hellmonk_ecumenical_altar_crossroads, hangedman_decor_push
D:2:      layout_basic
D:3:      layout_basic
D:4:      layout_basic, old_standard_altar, mainiacjoe_overflow_big_doors,
          grunt_decor_one_mirror, minivault_23
D:5:      minmay_recursive_quarters, layout_loops_ring,
          nicolae_qazlal_style_of_elements, hex_medium
D:6:      layout_basic, kennysheep_little_box, tgw_xom, trog_book,
          amcnicky_altar_gilded, portal_sewer_entry_d
D:7:      layout_basic, makhleb_heckhound_becter, minmay_temple_entry_overgrown,
          minmay_misc_feat_iff, st_stairs_9
D:8:      layout_basic, kennysheep_mini_moat, erik_lair_orcish_takeover,
          minmay_diced_spiral
D:9:      layout_rooms, ebering_ghost_inner_flame
D:10:     layout_loops_ring, nicolae_overflow_quartered_altars, orc_0_dummy
D:11:     layout_cave_pools, special_room [special_room_orc]
Temple:   nicolae_temple_bog_church

Skill      XL: |  1  2  3  4  5  6  7  8  9 10 11 |
---------------+----------------------------------+-----
Spellcasting   | 2 3 4 5 |  5.0
Fire Magic     | 4 5 7 9 |  9.6
Dodging        | 2 4 6 7 |  7.6
Conjurations   | 2 3 |  3.3
Fighting       | 5 7 8 |  8.4
Summonings     | 4 7 9 |  9.0
Polearms       | |  3.0

Action                   |  1- 3 |  4- 6 |  7- 9 | 10-12 || total
-------------------------+-------+-------+-------+-------++-------
Melee: Staff             |     3 |       |       |       ||     3
       Spear             |    38 |    13 |    28 |     5 ||    84
       Constrict         |    10 |     5 |    10 |       ||    25
       Tentacles         |     5 |     1 |    11 |     2 ||    19
Throw: Javelin           |     6 |     3 |       |       ||     9
 Cast: Scorch            |    18 |    53 |   153 |   142 ||   366
       Summon Guardian G |       |       |     2 |    36 ||    38
       Call Canine Famil |       |       |     1 |    19 ||    20
       Summon Small Mamm |       |       |     1 |     4 ||     5
       Sticky Flame      |       |       |       |     4 ||     4
Invok: Foxfire Swarm     |       |     1 |     1 |       ||     2
Evoke: Wand              |       |       |     3 |     1 ||     4
  Use: Scroll            |       |     1 |       |    14 ||    15
       Potion            |       |       |       |     2 ||     2
 Stab: Sleeping          |     1 |     1 |       |       ||     2
Armor: Skin              |     2 |     3 |     1 |     6 ||    12
Dodge: Dodged            |    32 |     9 |    37 |    35 ||   113
